 Dungeon Crawl Stone Soup version 0.29-a0-512-gf59ac788ac (webtiles) character file.

Game seed: 13295472008463922341

1 jsc1455 the Magician (level 1, -14/16 HPs)
             Began as a Troll Hedge Wizard on May 30, 2022.
             Engulfed by a cloud of flame (17 damage)
             ... on level 1 of the Dungeon.
             The game lasted 00:01:23 (119 turns).

jsc1455 the Magician (Troll Hedge Wizard)            Turns: 119, Time: 00:01:23

Health: -14/16     AC:  4    Str: 17    XL:     1   Next: 16%
Magic:  2/2        EV:  9    Int: 10    God:
Gold:   2          SH:  0    Dex:  9    Spells: 3/4 levels left

rFire   . . .      SeeInvis .   a - +0 dagger
rCold   . . .      Faith    .   (no shield)
rNeg    . . .      Spirit   .   b - +0 robe
rPois   .          Reflect  .   c - +0 hat
rElec   .          Harm     .   (no cloak)
rCorr   .          Rampage  .   (gloves unavailable)
Will    .....                   (boots unavailable)
Stlth   +.........              (no amulet)
HPRegen 0.85/turn               (no ring)
MPRegen 0.08/turn               (no ring)

@: no status effects
A: large, unfitting armour, claws 3, regeneration 1, shaggy fur 1, tough skin 1
a: no special abilities


You were on level 1 of the Dungeon.
You visited 1 branch of the dungeon, and saw 1 of its levels.

You collected 2 gold pieces.

Inventory:

Hand Weapons
 a - a +0 dagger (weapon)
Armour
 b - a +0 robe (worn)
 c - a +0 hat (worn)
Potions
 d - a potion of magic
 e - a potion of curing {unknown}


   Skills:
 + Level 1.5 Dodging
 + Level 1.0 Stealth
 + Level 2.0 Spellcasting
 + Level 0.6 Conjurations
 + Level 0.6 Summonings
 + Level 0.6 Translocations


You had 3 spell levels left.
You knew the following spells:

 Your Spells              Type           Power      Damage    Failure   Level
a - Magic Dart            Conj           8%         1d3       24%         1

Your spell library contained the following spells:

 Spells                   Type           Power      Damage    Failure   Level
 Slow                     Hex            4%         N/A       30%         1
 Blink                    Tloc           4%         N/A       36%         2
 Call Imp                 Summ           2%         N/A       36%         2
 Conjure Flame            Conj/Fire      1%         6-21      63%         3
 Mephitic Cloud           Conj/Pois/Air  1%         N/A       65%         3


Dungeon Overview and Level Annotations

Branches:
Dungeon (1/15)

Altars:


Innate Abilities, Weirdness & Mutations

You are too large for most types of armour.
You have claws for hands.
Your natural rate of healing is unusually fast.
You are covered in fur. (AC +1)
You have tough skin. (AC +1)


Message History

The bat hits you. The rat bites you but does no damage.
You completely miss the rat. Your claw misses the rat.
The rat is heavily wounded.
The bat barely misses you. The rat closely misses you.
You hit the rat.
You kill the rat!
The bat completely misses you. The bat barely misses you.
The bat hits you but does no damage.
You hit the bat.
You kill the bat!
You see here a bat corpse.
Your magical contamination has completely faded away.
You now have 2 gold pieces.
Really walk into that teleport trap? [Y]es or [N]o only, please.
Really walk into that teleport trap? [Y]es or [N]o only, please.
Really walk into that teleport trap?
Okay, then.
Found an escape hatch in the floor.
Found 11 gold pieces.
Found 4 gold pieces.
Really walk into a travel-excluded area? [Y]es or [N]o only, please.
Really walk into a travel-excluded area?
Found 21 gold pieces.
Really walk into that cloud of flame? [Y]es or [N]o only, please.
Really walk into that cloud of flame? [Y]es or [N]o only, please.
Really walk into that cloud of flame?
A bat comes into view.
You are engulfed in blazing flames.
Ouch! That really hurt!
* * * LOW HITPOINT WARNING * * *
The bat is engulfed in blazing flames.
The bat dies!
You are engulfed in blazing flames.
Ouch! That really hurt!
You die...

#.°.# #.§§# ####...#####
§§..$$.§§.. ...$..§°§.
..$..§. #...# #@§☼#
#§°§# ######### #§☼○#
.......^#####...#
##.....#..##
#####..###...##
##.....## ###>.......
####..#################.
.##...# #<........###


There were no monsters in sight!

Vanquished Creatures
  A bat (D:1)
  A rat (D:1)
2 creatures vanquished.

Vanquished Creatures (others)
  A bat (D:1)
1 creature vanquished.

Grand Total: 3 creatures vanquished

Notes
Turn   | Place    | Note
-------+----------+-------------------------------------------
     0 | D:1      | jsc1455 the Troll Hedge Wizard began the quest for the Orb.
     0 | D:1      | Reached XP level 1. HP: 16/16 MP: 2/2
     7 | D:1      | Noticed a polar bear
     7 | D:1      | Noticed a salamander
     8 | D:1      | Noticed a wyvern
   119 | D:1      | Engulfed by a cloud of flame

Illustrated notes

Levels and vault maps discovered:
D:1:      onia_arrival_zoo_common, layout_rooms, lemuel_flame_loot_1

Action                   || total
-------------------------++-------
Melee: Dagger            ||     7
Armor: Robe              ||     9
Dodge: Dodged            ||    12

Table legend: (Time is in decaauts)
 A = Elapsed time spent in this place.
 B = Non-inter-level travel time spent in this place.
 C = Inter-level travel time spent in this place.
 D = Time resting spent in this place.
 E = Time spent auto-exploring this place.
 F = Levels seen in this place.
 G = Mean time per level.
                   A        B        C        D        E       F      G
               +--------+--------+--------+--------+--------+-----+--------+
         Total |    119 |    119 |      0 |      0 |      0 |   1 |  119.0 |
       Dungeon |    119 |    119 |      0 |      0 |      0 |   1 |  119.0 |
               +--------+--------+--------+--------+--------+-----+--------+

Top non-repeatable levels by time:
     D:1: 119 daAuts
